 Dungeon Crawl Stone Soup version 0.28-a0-1510-gd0f6b136d3 (webtiles) character file.

Game seed: 3233121387354768453

965570 Hasart the Grand Master (level 27, -6/189 HPs)
             Began as an Octopode Transmuter on Jan 15, 2022.
             Was an Initiate of Gozag.
             Killed by a royal mummy's death curse (32 damage)
             ... on level 1 of the Tomb of the Ancients.
             The game lasted 05:23:16 (89667 turns).

Hasart the Grand Master (Octopode Transmuter)      Turns: 89667, Time: 05:23:17

Health: -6/189     AC: 25    Str: 20    XL:     27
Magic:  63/65      EV: 37    Int: 31    God:    Gozag
Gold:   6691       SH:  0    Dex: 24    Spells: 11/67 levels left

rFire   + + +      SeeInvis +     - Unarmed
rCold   + + +      Faith    .   (shield currently unavailable)
rNeg    + . .      Spirit   .   (helmet currently unavailable)
rPois   ∞          Reflect  .   T - amulet "Tuakod" {Acrobat Will++ Regen+ Slay+3}
rElec   +          Harm     .   w - +6 ring of strength
rCorr   +          Rampage  .   P - ring "Fafyu" {rC+ Int+2 SInv}
Will    +++++                   J - ring "Kuicya" {rC+ Will+ Str+4 Dex+6}
Stlth   ++++++....              A - ring of resist corrosion
HPRegen 1.21/turn               i - ring "Rappinyssi" {rF++ Will+ Str+4 Dex+4}
MPRegen 0.39/turn               s - ring "Ecuschiath" {rN+ MP+9 Str-3 Slay+3}
                                Q - +4 ring of protection
                                S - ring of the Octopus King {MP+9 AC+1 EV+1 Str+1 Int+1 Dex+1}

@: storm-form, resistant, marked, wereblooded, gold aura, blinkbolt cooldown,
flying, hasted and slowed, studying Crossbows
A: cleaving, flying, almost no armour, amphibious, 8 rings, (camouflage 1),
(gelatinous body 1), (nimble swimmer 1), (tentacles), (tentacle spike 1),
mutation resistance 1, weak 1
}: 10/15 runes: decaying, slimy, silver, abyssal, demonic, glowing, magical,
fiery, dark, gossamer
a: Blinkbolt, End Transformation, Renounce Religion, Potion Petition, Call
Merchant, Bribe Branch


You were on level 1 of the Tomb of the Ancients.
You worshipped Gozag.
Gozag was greatly pleased with you.
You were a lightning-filled tempest!
You visited 14 branches of the dungeon, and saw 60 of its levels.
You visited Pandemonium 1 time, and saw 19 of its levels.
You visited the Abyss 2 times.
You also visited: Wizlab and Desolation.

You collected 46357 gold pieces.
You spent 4632 gold pieces at shops.
You paid 35034 gold pieces to Gozag.

Inventory:

Hand Weapons
 b - the +8 frozen axe "Frostbite" {freezing cloud, *Noise Fly rC+}
   (You found it in the Desolation of Salt)

   It freezes those it strikes, dealing additional cold damage.
   It can also slow down cold-blooded creatures.
   It occasionally leaves clouds of freezing vapour upon striking a foe.
   It grants immunity to clouds of freezing vapour.
   rC:        It protects you from cold.
   Fly:       It grants you flight.
   *Noise:    It may make noises in combat.
 h - the +18 lance "Wyrmbane" {slay drac, rPois rF+ rC+ AC+3}
   (You found it on level 3 of the Crypt)

   It inflicts extra damage against dragons and draconians.
   AC:        It affects your AC (+3).
   rF:        It protects you from fire.
   rC:        It protects you from cold.
   rPois:     It protects you from poison.
Missiles
 G - 5 throwing nets (quivered)
Armour
 f - the +2 hood of the Assassin (melded) {Detection Stab+ Stlth++}
   (You found it on level 3 of the Swamp)

   It allows the wearer to sense nearby creatures.
   It allows the wearer to make particularly effective stabbing attacks against
   helpless or unaware enemies with any weapon.
   Stlth:     It makes you much more stealthy.
 Z - a +0 kite shield of reflection
Jewellery
 e - a ring of see invisible
 i - the ring "Rappinyssi" (on tentacle) {rF++ Will+ Str+4 Dex+4}
   (You acquired it on level 9 of the Dungeon)

   [ring of willpower]

   Str:       It affects your strength (+4).
   Dex:       It affects your dexterity (+4).
   rF:        It greatly protects you from fire.
   Will:      It increases your willpower.
 k - a +6 ring of intelligence
 p - the amulet "Rywaaj" {Acrobat rF- Int+5}
   (You took it off a servant of whispers in the Desolation of Salt)

   [amulet of the acrobat]

   It increases your evasion while moving and waiting.
   Int:       It affects your intelligence (+5).
   rF:        It makes you vulnerable to fire.
 s - the ring "Ecuschiath" (on tentacle) {rN+ MP+9 Str-3 Slay+3}
   (You found it on level 5 of the Vaults)

   [ring of magical power]

   Str:       It affects your strength (-3).
   Slay:      It affects your accuracy & damage with ranged weapons and melee
   (+3).
   rN:        It protects you from negative energy.
   MP:        It affects your magic capacity (+9).
 t - a +4 ring of slaying
 u - a ring of flight
 w - a +6 ring of strength (left fist)
 x - a ring of protection from fire
 y - an amulet of magic regeneration
 A - a ring of resist corrosion (on tentacle)
 C - a ring of poison resistance
 D - a +4 ring of protection
 I - the ring "Mucil" {rN+ Stlth+}
   (You found it on level 3 of the Realm of Zot)

   [ring of positive energy]

   rN:        It protects you from negative energy.
   Stlth:     It makes you more stealthy.
 J - the ring "Kuicya" (on tentacle) {rC+ Will+ Str+4 Dex+6}
   (You bought it in a shop on level 8 of the Dungeon)

   [ring of dexterity]

   Str:       It affects your strength (+4).
   Dex:       It affects your dexterity (+6).
   rC:        It protects you from cold.
   Will:      It increases your willpower.
 L - a +4 ring of slaying
 P - the ring "Fafyu" (right fist) {rC+ Int+2 SInv}
   (You found it on level 3 of the Elven Halls)

   [ring of protection from cold]

   Int:       It affects your intelligence (+2).
   rC:        It protects you from cold.
   SInv:      It lets you see invisible.
 Q - a +4 ring of protection (on tentacle)
 S - a ring of the Octopus King (on tentacle) {MP+9 AC+1 EV+1 Str+1 Int+1 Dex+1}
   (You found it on level 6 of the Lair of Beasts)

   [ring of magical power]

   AC:        It affects your AC (+1).
   EV:        It affects your evasion (+1).
   Str:       It affects your strength (+1).
   Int:       It affects your intelligence (+1).
   Dex:       It affects your dexterity (+1).
   MP:        It affects your magic capacity (+9).
 T - the amulet "Tuakod" (around neck) {Acrobat Will++ Regen+ Slay+3}
   (You found it on level 6 of the Lair of Beasts)

   [amulet of the acrobat]

   It increases your evasion while moving and waiting.
   Slay:      It affects your accuracy & damage with ranged weapons and melee
   (+3).
   Regen:     It increases your rate of health regeneration.
   Will:      It greatly increases your willpower.
 V - a ring of positive energy
 X - an amulet of guardian spirit
Wands
 v - a wand of iceblast (42)
 z - a wand of acid (44)
 F - a wand of digging (22)
 N - a wand of charming (1)
Scrolls
 a - 32 scrolls of teleportation
 d - 2 scrolls of magic mapping
 j - 5 scrolls of holy word
 q - 9 scrolls of fear
 B - 7 scrolls of fog
 K - 10 scrolls of blinking
 R - 3 scrolls of silence
 Y - 3 scrolls of summoning
Potions
 c - 11 potions of magic
 g - 12 potions of haste
 l - 9 potions of mutation
 m - 18 potions of might
 n - 5 potions of berserk rage
 o - 34 potions of curing
 r - 4 potions of invisibility
 H - 21 potions of heal wounds
 M - 9 potions of cancellation
 O - 12 potions of ambrosia
 U - 12 potions of lignification
 W - 5 potions of resistance
Miscellaneous
 E - a phantom mirror


   Skills:
 + Level 16.0 Fighting
 - Level 6.7 Polearms
 - Level 5.0 Throwing
 + Level 16.1 Dodging
 - Level 15.0 Stealth
 - Level 10.2 Shields
 O Level 27 Unarmed Combat
 + Level 20.5 Spellcasting
 + Level 11.6 Hexes
 - Level 13.0 Necromancy
 - Level 12.0 Translocations
 + Level 22.2 Transmutations
 - Level 7.0 Ice Magic
 + Level 19.6 Air Magic
 - Level 12.0 Earth Magic
 - Level 13.0 Poison Magic
 - Level 7.0 Evocations


You had 11 spell levels left.
You knew the following spells:

 Your Spells              Type           Power      Damage    Failure   Level
a - Statue Form           Tmut/Erth      63%        N/A       1%          6
b - Wereblood             Tmut           100%       N/A       0%          2
c - Enfeeble              Hex            40%        N/A       8%          7
d - Manifold Assault      Tloc           82%        N/A       1%          5
e - Swiftness             Air            100%       N/A       0%          3
f - Sublimation of Blood  Necr           84%        N/A       0%          2
g - Blink                 Tloc           100%       N/A       0%          2
h - Silence               Hex/Air        45%        N/A       1%          5
j - Necromutation         Tmut/Necr      48%        N/A       5%          8
q - Ozocubu's Armour      Ice            66%        N/A       1%          3
w - Death Channel         Necr           42%        N/A       1%          6
x - Storm Form            Tmut/Air       52%        N/A       1%          7

Your spell library contained the following spells:

 Spells                   Type           Power      Damage    Failure   Level
 Animate Skeleton         Necr           100%       N/A       0%          1
 Apportation              Tloc           100%       N/A       0%          1
 Beastly Appendage        Tmut           100%       N/A       0%          1
 Pain                     Necr           100%       1d9       0%          1
 Sting                    Tmut/Pois      100%       1d8       0%          1
 Corpse Rot               Necr/Air       100%       N/A       0%          2
 Passwall                 Tmut/Erth      79%        N/A       0%          2
 Poisonous Vapours        Pois/Air       100%       N/A       0%          2
 Spider Form              Tmut/Pois      96%        N/A       0%          3
 Vampiric Draining        Necr           84%        2d12      0%          3
 Airstrike                Air            50%        N/A       0%          4
 Petrify                  Tmut/Erth      95%        N/A       0%          4
 Blade Hands              Tmut           53%        N/A       0%          5
 Foxfire                  Conj/Fire      100%       2x1d9     1%          1
 Freeze                   Ice            100%       1d11      1%          1
 Shock                    Conj/Air       100%       1d9       1%          1
 Summon Small Mammal      Summ           100%       N/A       1%          1
 Ensorcelled Hibernation  Hex/Ice        100%       N/A       1%          2
 Static Discharge         Conj/Air       75%        N/A       1%          2
 Confusing Touch          Hex            81%        N/A       1%          3
 Dazzling Flash           Conj/Hex       100%       N/A       1%          3
 Frozen Ramparts          Ice            100%       1d12      1%          3
 Gell's Gravitas          Tloc           82%        N/A       1%          3
 Ignite Poison            Fire/Tmut/Pois 81%        N/A       1%          3
 Inner Flame              Hex/Fire       61%        N/A       1%          3
 Lesser Beckoning         Tloc           82%        N/A       1%          3
 Mephitic Cloud           Conj/Pois/Air  78%        N/A       1%          3
 Portal Projectile        Hex/Tloc       100%       N/A       1%          3
 Stone Arrow              Conj/Erth      100%       3d13      1%          3
 Summon Guardian Golem    Hex/Summ       61%        N/A       1%          3
 Teleport Other           Tloc           82%        N/A       1%          3
 Tukima's Dance           Hex            81%        N/A       1%          3
 Anguish                  Hex/Necr       41%        N/A       1%          4
 Animate Dead             Necr           42%        N/A       1%          4
 Cause Fear               Hex            40%        N/A       1%          4
 Dispel Undead            Necr           84%        3d27      1%          4
 Ice Form                 Ice/Tmut       89%        N/A       1%          4
 Leda's Liquefaction      Hex/Erth       40%        N/A       1%          4
 Olgreb's Toxic Radiance  Pois           84%        N/A       1%          4
 Summon Lightning Spire   Summ/Air       75%        N/A       1%          4
 Agony                    Necr           84%        N/A       1%          5
 Alistair's Intoxication  Tmut/Pois      64%        N/A       1%          5
 Borgnjor's Vile Clutch   Necr/Erth      41%        N/A       1%          5
 Freezing Cloud           Conj/Ice/Air   36%        6-21      1%          5
 Irradiate                Conj/Tmut      39%        3d27      1%          5
 Lee's Rapid Deconstruct  Erth           41%        3d21*     1%          5
 Lightning Bolt           Conj/Air       37%        1d56      1%          5
 Yara's Violent Unravell  Hex/Tmut       47%        3d18      1%          5
 Dispersal                Tloc           41%        N/A       1%          6
 Eringya's Noxious Bog    Tmut/Pois      48%        N/A       1%          6
 Dragon Form              Tmut           53%        N/A       1%          7
 Hailstorm                Conj/Ice       52%        3d12      2%          4
 Summon Ice Beast         Ice/Summ       52%        N/A       2%          4
 Summon Forest            Summ/Tloc      31%        N/A       2%          5
 Summon Mana Viper        Hex/Summ       61%        N/A       2%          5
 Maxwell's Capacitive Co  Air            50%        ∞         2%          8
 Call Canine Familiar     Summ           31%        N/A       3%          3
 Conjure Flame            Conj/Fire      31%        6-21      3%          3
 Conjure Ball Lightning   Conj/Air       37%        3x3d12    3%          6
 Flame Wave               Conj/Fire      31%        2d7       11%         4
 Sticky Flame             Conj/Fire      31%        2d5       11%         4
 Fireball                 Conj/Fire      15%        3d8       30%         5
 Borgnjor's Revivificati  Necr           42%        N/A       34%         8
 Ozocubu's Refrigeration  Ice            33%        4d11      47%         7
 Disjunction              Tloc           41%        N/A       47%         8
 Discord                  Hex            40%        N/A       52%         8
 Starburst                Conj/Fire      15%        6d6       86%         6
 Summon Cactus Giant      Summ           15%        N/A       86%         6
 Death's Door             Necr           42%        N/A       99%         9
 Orb of Destruction       Conj           15%        9d7       100%        7
 Spellforged Servitor     Conj/Summ      15%        N/A       100%        7
 Summon Hydra             Summ           15%        N/A       100%        7
 Ignition                 Fire           15%        3d6       100%        8
 Chain Lightning          Conj/Air       37%        3d50      100%        9
 Dragon's Call            Summ           15%        N/A       100%        9
 Fire Storm               Conj/Fire      15%        8d4       100%        9
 Polar Vortex             Ice            33%        N/A       100%        9
 Shatter                  Erth           41%        3d32*     100%        9


Dungeon Overview and Level Annotations

Branches:
Dungeon (15/15)            Temple (1/1) D:4            Lair (6/6) D:10
  Swamp (4/4) Lair:3       Spider (4/4) Lair:3        Slime (5/5) Lair:6
    Orc (2/2) D:11            Elf (3/3) Orc:2        Vaults (5/5) D:14
  Crypt (3/3) Vaults:3       Tomb (2/3) Crypt:3      Depths (4/4) D:15
   Hell (visited)             Dis (0/7) Hell            Geh (0/7) Hell
    Coc (0/7) Hell            Tar (0/7) Hell            Zot (5/5) Depths:4
 WizLab (visited)         Desolation (visited)

Altars:
Ashenzari
Elyvilon
Fedhas
Gozag
Hepliaklqana
Kikubaaqudgha
Okawaru
Ru
Trog
Uskayaw
Vehumet
Xom
Yredelemnul
Zin
The Shining One
Beogh
Jiyva

Shops:
D:5 [   D:6 :   D:8 =   D:10 :   D:11 (   D:13 =:   Orc:2 :!**(:   Elf:3 :
Lair:1 (**(   Lair:3 :   Lair:4 :   Vaults:3 *[(((   Vaults:4 *!*
Vaults:5 *[!?   Zot:4 :   Zot:5 *   Depths:2 *[   Depths:4 ?

Portals:
Hell: Depths:1 Depths:2 Depths:3 Depths:4
Abyss: Lair:2 Depths:3
Pandemonium: Depths:2 Depths:4
Ziggurat: Depths:2

Annotations:
D:4 1 runed translucent door, Crazy Yiuf
D:10 1 runed translucent door, julianmaster's ghost, journeyman OpSu
Lair:2 2 transporters, NigelTetley's ghost, journeyman FoFi
Spider:1 3 runed translucent doors, Voda's ghost, adept DDNe; vineage's ghost, adept MiFi
Spider:2 exclusion: downstairs
Crypt:3 1 runed translucent door, Konwih's ghost, veteran FoFi
Zot:2 1 transporter
Zot:4 2 runed translucent doors, Abeir's ghost, legendary GrFi


Innate Abilities, Weirdness & Mutations

You are a lightning-filled tempest!
Your electrical attacks strike out in all directions at once.
You are incredibly evasive.
You are flying.
You are immune to poison.
Your armour is entirely melded.
You are incapable of wielding weapons or throwing items.
You cannot wear most types of armour.
You are amphibious.
You can wear up to eight rings at the same time.
((Your skin changes colour to match your surroundings (Stealth+).))
((Your rubbery body absorbs attacks. (AC +1, EV +1)))
((You are camouflaged when in or above water. (Stealth+)))
((You have tentacles for arms and can constrict up to eight enemies at once.))
((One of your tentacles bears a spike.))
You are somewhat resistant to further mutation.
You are weak. (Str -2)


Message History

You destroy the death scarab!
The death scarab's corpse disappears in a puff of smoke!
The emperor scorpion completely misses you. x3
The royal mummy misses you. The death scarab closely misses you.
Unknown command.
Unknown command.
You batter the royal mummy!! You punch the royal mummy!
The royal mummy is almost destroyed.
You hit the emperor scorpion. You batter the emperor scorpion!!
Lightning courses through the emperor scorpion!
You blast the emperor scorpion!!!
You kill the emperor scorpion!
The emperor scorpion's corpse disappears in a puff of smoke!
You buffet the emperor scorpion!
You batter the death scarab!!
Lightning courses through the death scarab!
You destroy the death scarab!
The death scarab's corpse disappears in a puff of smoke!
The death scarab completely misses you. The emperor scorpion stings you!
* * * LOW HITPOINT WARNING * * *
The emperor scorpion completely misses you.
The emperor scorpion claws you but does no damage.
The emperor scorpion misses you.
The emperor scorpion claws you but does no damage.
The emperor scorpion completely misses you.
The royal mummy casts a spell.
The emperor scorpion completely misses you.
The emperor scorpion claws you but does no damage.
The emperor scorpion closely misses you.
The death scarab completely misses you.
Unknown command.
You blast the royal mummy!!!!
You feel a bit better.
You destroy the royal mummy!
The emperor scorpion disappears in a puff of smoke! x3
The death scarab disappears in a puff of smoke!
You buffet the emperor scorpion!
You buffet the death scarab!
You blast the emperor scorpion!!!
You feel extremely nervous for a moment...
Pain shoots through your body!!
You die...
Your body crumbles into a pile of gold.

..........[...............8...8..
.................................
.......##################.......#
.......# ### ##########.8...8.#
.......# #...#....#..##......[#
.......# ..#.^.#.$..#..##.......#
.......# #'....§...'####.8...8.#
.......# .....#§$.....##.......#
.......# ... #v§§....##/......#
.......# .....ssBss....##.8...8.#
.......# ......#MsB....##.......#
.......# .^.M..#B....^.##.......#
.......# ##'.. s....'####.8...8.#
.......# ..#.^.#....#.. #.......#
.......# . #...#....#.>###'''''##
.......# ##############.......#
.......# #.....................


You could see 2 royal mummies, 6 emperor scorpions and 3 death scarabs.

Vanquished Creatures
  Cerebov (Pan)
  Dissolution (Slime:2)
  the Royal Jelly (Slime:5)
  7 pandemonium lords (Pan)
  Gloorx Vloq (Pan)
  Mnoleg (Pan)
  A seraph (Pan)
  Lom Lobon (Pan)
  A dread lich (Vaults:5)
  2 ancient liches
  2 orbs of fire
  Mennas (Vaults:3)
  A juggernaut (Depths:2)
  10 royal mummies
  2 Killer Klowns
  Saint Roka (Elf:3)
  3 curse toes
  2 caustic shrikes (Depths:3)
  Geryon (Hell)
  11 golden dragons
  2 pearl dragons (Pan)
  An electric golem (Zot:3)
  3 bone dragons (Depths:4)
  Arachne (Spider:3)
  9 Tzitzimimeh (Pan)
  17 Brimstone Fiends
  A hellephant (Pan)
  3 searing wretches (Hell)
  A tainted leviathan (Hell)
  22 tentacled monstrosities
  Mlioglotl (Spider:3)
  3 Ice Fiends (Pan)
  7 Orb Guardians (Zot:5)
  5 liches
  4 Hell Sentinels (Pan)
  8 titans
  4 deep elf blademasters
  A walking frostbound tome (Depths:3)
  13 death cobs
  2 deep elf master archers (Elf:3)
  4 quicksilver dragons
  21 acid blobs
  Kirke (D:14)
  3 ancient champions
  The ghost of ThreePoint314 the Fencer, an adept DsGl of Trog (Swamp:4)
  21 Executioners (Pan)
  4 thorn hunters
  A tentacled starspawn (Abyss:3)
  7 tengu reavers
  15 sphinxes
  24 storm dragons
  Roxanne (Spider:4)
  5 azure jellies
  16 shadow dragons
  Agnes (Spider:1)
  16 rockslimes
  8 draconian knights
  8 revenants
  Donald (Elf:3)
  9 fire giants
  5 draconian monks
  8 frost giants
  21 daevas (Pan)
  13 balrugs
  7 demonspawn warmongers (Pan)
  7 deep elf sorcerers (Elf:3)
  2 orc warlords (Orc:2)
  3 emperor scorpions
  4 iron dragons
  7 ghost moths
  2 draconian scorchers
  Aizul (Elf:3)
  2 spectral caustic shrikes (Crypt:3)
  17 vault wardens
  10 draconian annihilators
  2 curse skulls (Pan)
  10 draconian shifters
  An imperial myrmidon (Desolation)
  20 ironbound preservers
  4 deep elf elementalists (Elf:3)
  A draconian stormcaller (Zot:2)
  34 very ugly things
  4 ironbound thunderhulks
  17 reapers
  2 spriggan defenders
  11 cacodemons
  12 demonspawn blood saints (Pan)
  4 bennus
  34 angels
  8 demonspawn corrupters (Pan)
  A caustic shrike skeleton (D:15)
  10 quicksilver oozes
  14 ophanim (Pan)
  21 stone giants
  6 broodmothers
  A juggernaut skeleton (Pan)
  Nessos (D:14)
  5 vampire knights
  6 green draconians
  4 war gargoyles
  29 apis (Pan)
  7 deep elf demonologists
  16 lorocyprocas (Pan)
  2 halazid warlocks (Desolation)
  9 demonspawn black suns (Pan)
  6 putrid mouths (Hell)
  7 entropy weavers
  12 deep elf annihilators
  9 red draconians
  11 white draconians
  7 bunyips
  7 eleionomae
  8 purple draconians
  8 dire elephants
  5 black draconians
  A wendigo (Hell)
  8 spark wasps
  Snorg (Lair:4)
  9 yellow draconians
  7 deep elf death magi
  22 green deaths
  29 blizzard demons
  6 crystal guardians
  8 eidola
  5 jiangshi
  14 ettins
  9 mummy priests
  2 merfolk impalers
  2 spectral quicksilver dragons (Crypt:3)
  7 fire dragons
  3 shambling mangroves
  9 deep elf high priests
  18 yaktaur captains
  2 spriggan zombies
  3 spectral spriggans (Crypt:3)
  7 great orbs of eyes
  8 ragged hierophants (Desolation)
  8 rakshasas
  2 ghost crabs
  9 boulder beetles
  7 servants of whispers (Desolation)
  6 spriggan air magi
  30 vault guards
  A catoblepas (D:15)
  3 jorogumos
  4 ice dragons
  22 hydras
  7 ironbound frosthearts
  14 hell beasts (Pan)
  An ogre mage (Vaults:5)
  A merfolk avatar (Lair:6)
  6 peacekeepers
  3 juggernaut simulacra
  A radroach (Spider:3)
  A stoker (Hell)
  A radroach (shapeshifter) (Vaults:4)
  6 alligators
  6 centaur warriors
  Erica (D:10)
  A death knight (Crypt:2)
  7 spriggan berserkers
  A titan zombie (D:15)
  7 two-headed ogres
  6 deep troll shamans
  3 hell hogs (Hell)
  8 death yaks
  40 death scarabs
  5 tengu warriors
  4 vampire magi
  A spectral dire elephant (Crypt:3)
  Urug (Lair:4)
  53 sun demons
  4 spectral storm dragons (Crypt:3)
  13 deep troll earth magi
  A shock serpent (shapeshifter) (Vaults:5)
  Sonja (D:13)
  13 hell knights
  29 soul eaters
  11 deep elf knights
  4 pharaoh ants
  3 goliath frogs
  14 shadow wraiths
  26 skeletal warriors
  11 sixfirhies
  3 titan skeletons
  8 iron trolls
  3 steelbarb worms
  2 wretched stars
  84 deep trolls
  A golden dragon zombie (D:15)
  A death drake (Swamp:4)
  2 spriggan druids
  10 shadow demons (Pan)
  5 glowing orange brains
  10 orb spiders
  13 swamp dragons
  9 flayed ghosts
  17 phantasmal warriors
  13 cherubim (Pan)
  A swamp dragon (shapeshifter) (Vaults:5)
  20 ironbound convokers
  17 lindwurms
  2 iron giant skeletons
  A bunyip skeleton (Pan)
  13 deep elf archers
  7 necromancers
  14 wizards
  3 anaconda skeletons
  21 deep elf zephyrmancers
  A stone giant zombie (Crypt:1)
  30 deep elf pyromancers
  19 wolf spiders
  35 ugly things
  3 oklob plants
  A fenstrider witch simulacrum (Crypt:3)
  2 shining eyes
  A harpy (shapeshifter) (Vaults:5)
  2 will-o-the-wisps
  10 orc sorcerers (Orc:2)
  8 manticores
  10 harpies (Vaults:3)
  31 moths of wrath
  3 cyclopes
  A moth of wrath (shapeshifter) (Vaults:1)
  7 elephants
  5 ice statues (Pan)
  2 spectral centaurs (Crypt:3)
  4 black mambas
  8 rust devils
  6 guardian serpents
  2 molten gargoyles (Desolation)
  A dire elephant zombie (Crypt:1)
  4 torpor snails
  2 water nymphs (Swamp:3)
  A titan simulacrum (Crypt:3)
  3 eyes of devastation
  18 vault sentinels
  56 smoke demons
  A naga skeleton (Pan)
  5 rime drakes
  A gargoyle (D:12)
  20 orange demons
  6 cane toads
  An unseen horror (D:12)
  Maggie (D:6)
  2 dire elephant skeletons
  A bunyip simulacrum (Hell)
  2 yaktaur zombies (Vaults:4)
  31 yaktaurs
  8 komodo dragons
  An alligator snapping turtle skeleton (Pan)
  A steelbarb worm zombie (Crypt:3)
  5 hellions
  25 demonic crawlers
  7 efreet (Pan)
  9 ice devils
  5 tormentors
  A yellow draconian zombie (Crypt:2)
  A tengu conjurer (D:14)
  6 red devils
  An iron troll zombie (Crypt:1)
  4 spectral harpies (Crypt:3)
  14 freezing wraiths
  17 guardian mummies
  34 hellwings
  7 tyrant leeches
  A hydra zombie (Crypt:1)
  12 meliai
  A white draconian skeleton (Crypt:2)
  2 polar bears
  A tengu simulacrum (Vaults:4)
  Prince Ribbit (D:6)
  4 trolls
  A tyrant leech (shapeshifter) (Vaults:5)
  13 wind drakes (Pan)
  A silent spectre (Abyss:3)
  22 hornets
  2 hydra skeletons (Pan)
  2 meliai zombies
  2 queen bees
  Grinder (D:5)
  32 tarantellas
  11 dream sheep
  A snapping turtle (shapeshifter) (Elf:3)
  3 harpy skeletons
  55 saltlings (Desolation)
  A hornet (shapeshifter) (Depths:3)
  A radroach zombie (Crypt:3)
  35 blink frogs
  120 slime creatures
  A stone giant simulacrum (Crypt:3)
  A death drake skeleton (Crypt:1)
  40 jumping spiders
  5 starcursed masses
  2 black mamba zombies
  31 culicivoras
  4 air elementals
  9 flying skulls
  44 yaks
  15 spriggans
  A shadow (Crypt:3)
  2 naga simulacra (Crypt:3)
  10 water elementals
  An ice dragon skeleton (Crypt:1)
  A vampire (D:11)
  6 wraiths
  27 ynoxinuls
  3 wyverns
  5 fire elementals
  A black mamba skeleton (Pan)
  A human (shapeshifter) (D:11)
  5 basilisks
  4 ushabtiu
  5 golden eyes (Slime:5)
  4 steam dragons
  62 redbacks
  6 vampire mosquitoes
  A glowing shapeshifter zombie (Crypt:1)
  8 chaos spawn
  19 neqoxecs
  15 swamp worms
  Menkaure (D:5)
  42 large abominations
  2 harpy simulacra
  5 wargs (Orc:2)
  2 acid dragons
  3 human zombies
  5 hell hounds (Pan)
  16 water moccasins
  3 floating eyes
  A deep troll skeleton (Pan)
  9 swamp drakes
  5 black bears
  32 orc warriors
  An ettin simulacrum (Hell)
  4 ogres
  11 centaurs
  3 boggarts (Vaults:1)
  A human skeleton (Vaults:4)
  A manticore skeleton (Crypt:3)
  12 wolves
  A swamp dragon skeleton (Crypt:3)
  A hog skeleton (Crypt:1)
  2 kobold brigands (D:10)
  7 bullfrogs
  A gnoll sergeant (D:9)
  3 earth elementals
  2 scorpions
  A fire crab zombie (Crypt:3)
  An ogre simulacrum (Vaults:4)
  2 small abominations (Abyss:3)
  A water moccasin skeleton (D:6)
  A polar bear zombie (Crypt:3)
  A troll zombie (Crypt:3)
  47 killer bees
  2 howler monkeys
  A polar bear skeleton (Crypt:2)
  8 wights
  An electric eel (Lair:1)
  6 centaur zombies
  2 bullfrog skeletons
  A gnoll shaman (D:9)
  24 orc priests
  2 hounds
  An iguana (D:4)
  Ijyb (D:5)
  Natasha (D:3)
  6 hell rats
  A basilisk skeleton (Crypt:1)
  39 orc wizards
  A killer bee zombie (D:7)
  An ogre skeleton (Crypt:2)
  An acid dragon skeleton (Crypt:1)
  A tengu skeleton (Crypt:2)
  A hound skeleton (Crypt:3)
  41 mummies
  10 gnolls (D:9)
  A howler monkey skeleton (D:5)
  A river rat (Lair:5)
  4 adders
  2 adder zombies
  2 adder skeletons (D:3)
  2 worms
  4 dart slugs
  100 orcs
  7 bats
  5 endoplasms
  7 giant cockroaches
  6 goblins
  7 hobgoblins
  9 jackals
  15 kobolds
  2 quokkas
  6 ball pythons
  3 ball python zombies (D:3)
  A dart slug zombie (Crypt:1)
  A frilled lizard (D:3)
  A gnoll skeleton (Crypt:2)
  A jackal zombie (D:3)
  3 rats
  9 fire vortices
  A lurking horror (Abyss:3)
  A pillar of salt (Desolation)
3418 creatures vanquished.

Vanquished Creatures (collateral kills)
  A wind drake (Pan)
1 creature vanquished.

Vanquished Creatures (others)
  An ancient lich (Vaults:5)
  A Brimstone Fiend (Pan)
  A deep elf blademaster (Elf:2)
  A titan (Pan)
  An eldritch tentacle (Pan)
  Frances (Spider:1)
  A demonspawn blood saint (Pan)
  A deep elf demonologist (Elf:3)
  A white draconian (Zot:3)
  A deep elf annihilator (Pan)
  A purple draconian (Zot:2)
  A bunyip (Swamp:4)
  2 green deaths (Pan)
  A blizzard demon (Pan)
  A jorogumo (Spider:3)
  An ogre mage (D:15)
  2 deep troll earth magi (Depths:1)
  An alligator (Swamp:4)
  A two-headed ogre (D:14)
  36 dancing weapons
  A soul eater (Hell)
  5 deep elf knights
  An iron troll (Depths:1)
  2 pharaoh ants
  A goliath frog (Swamp:4)
  3 deep trolls (Depths:1)
  3 deep elf pyromancers
  A deep elf zephyrmancer (Elf:1)
  An orc knight (D:14)
  A smoke demon (Pan)
  A torpor snail (Spider:3)
  A demonic crawler (Spider:2)
  2 hellwings (Pan)
  A bloated husk (Swamp:3)
  A tarantella (Spider:3)
  2 tyrant leeches
  2 wind drakes (Pan)
  A culicivora (Spider:3)
  3 jumping spiders
  2 hogs (D:14)
  3 redbacks
  16 humans (D:14)
  A swamp worm (Swamp:2)
  An orc wizard (Orc:2)
  6 ball lightnings (Pan)
  2 briar patches (Swamp:3)
  A demonic plant (Pan)
  A fire vortex (Hell)
  6 foxfires
  90 fungi
  3 pillars of salt (Desolation)
  113 plants
  8 withered plants
343 creatures vanquished.

Grand Total: 3762 creatures vanquished

Notes
Turn   | Place    | Note
-------+----------+-------------------------------------------
     0 | D:1      | Hasart the Octopode Transmuter began the quest for the Orb.
     0 | D:1      | Reached XP level 1. HP: 13/13 MP: 3/3
   327 | D:1      | Reached XP level 2. HP: 12/18 MP: 5/5
   330 | D:1      | Learned a level 2 spell: Wereblood
  1475 | D:2      | Reached XP level 3. HP: 23/23 MP: 2/6
  1479 | D:2      | Learned a level 3 spell: Spider Form
  1795 | D:2      | Reached XP level 4. HP: 25/29 MP: 7/7
  2451 | D:3      | Reached skill level 1 in Poison Magic
  2708 | D:3      | Noticed Natasha
  2716 | D:3      | Killed Natasha
  2717 | D:3      | Reached XP level 5. HP: 14/34 MP: 4/8
  3399 | D:4      | Noticed an orc warrior
  3467 | D:4      | Reached skill level 4 in Unarmed Combat
  3834 | D:4      | Found a staircase to the Ecumenical Temple.
  3845 | Temple   | Entered the Ecumenical Temple
  3859 | Temple   | Became a worshipper of Gozag Ym Sagoz the Greedy
  3874 | D:4      | Noticed an orc warrior
  3885 | D:5      | Entered Level 5 of the Dungeon
  3937 | D:5      | Reached XP level 6. HP: 41/41 MP: 8/10
  3945 | D:5      | Noticed Menkaure
  3976 | D:4      | Found a runed translucent door.
  3977 | D:4      | Noticed Crazy Yiuf
  4144 | D:4      | Noticed a black bear
  4152 | D:4      | Killed an orc warrior
  4158 | D:4      | Killed a black bear
  4159 | D:4      | Reached skill level 1 in Throwing
  4159 | D:4      | Reached XP level 7. HP: 21/45 MP: 6/11
  4385 | D:4      | Reached skill level 5 in Unarmed Combat
  5312 | D:5      | Killed Menkaure
  5313 | D:5      | Reached XP level 8. HP: 19/52 MP: 13/13
  5604 | D:5      | Noticed Ijyb
  5616 | D:5      | Killed Ijyb
  5819 | D:5      | Found Ashrimuc's Armour Emporium.
  5974 | D:5      | Noticed Grinder
  6000 | D:5      | Killed Grinder
  6299 | D:6      | Found Xaaric's Book Shoppe.
  6307 | D:6      | Bought a Young Poisoner's Handbook for 280 gold pieces
  6310 | D:6      | Learned a level 2 spell: Poisonous Vapours
  6318 | D:6      | Noticed Maggie
  6337 | D:6      | Killed Maggie
  6338 | D:6      | Reached skill level 6 in Unarmed Combat
  6341 | D:6      | Reached XP level 9. HP: 8/58 MP: 4/15
  6633 | D:6      | Noticed Prince Ribbit
  6646 | D:6      | Killed Prince Ribbit
  7797 | D:7      | Reached skill level 7 in Unarmed Combat
  7905 | D:7      | Learned a level 3 spell: Swiftness
  7910 | D:7      | Learned a level 4 spell: Ice Form
  8024 | D:7      | Noticed a troll
  8049 | D:7      | Killed a troll
  8585 | D:7      | Reached skill level 5 in Poison Magic
  8611 | D:7      | Found an iron altar of Okawaru.
  8619 | D:7      | Reached skill level 5 in Dodging
  8619 | D:7      | Reached skill level 5 in Transmutations
  8619 | D:7      | Reached skill level 1 in Ice Magic
  8684 | D:7      | Found a hide-covered altar of Uskayaw.
  8777 | D:7      | Reached skill level 1 in Air Magic
  9155 | D:8      | Found Ynaisk's Jewellery Boutique.
  9186 | D:8      | Reached XP level 10. HP: 45/65 MP: 13/17
  9223 | D:8      | Reached skill level 5 in Fighting
  9626 | D:8      | Learned a level 3 spell: Ozocubu's Armour
  9653 | D:8      | Reached skill level 5 in Spellcasting
  9949 | D:8      | Noticed a deep elf pyromancer
 10113 | D:8      | Killed a deep elf pyromancer
 11036 | D:9      | Reached skill level 8 in Unarmed Combat
 12561 | D:10     | Entered Level 10 of the Dungeon
 12756 | D:10     | Noticed a two-headed ogre
 13207 | D:9      | Killed a two-headed ogre
 13260 | D:10     | Noticed julianmaster's ghost (journeyman OpSu)
 13260 | D:10     | Found a runed translucent door.
 13457 | D:10     | Reached XP level 11. HP: 72/72 MP: 17/19
 13550 | D:10     | Reached skill level 5 in Throwing
 13823 | D:8      | Bought the ring "Kuicya" {rC+ Will+ Str+4 Dex+6} for 1124
                  | gold pieces
 13917 | D:10     | Found a staircase to the Lair.
 13993 | D:10     | Noticed Erica
 14029 | D:9      | Learned a level 4 spell: Olgreb's Toxic Radiance
 14052 | D:9      | Identified a scroll of acquirement
 14052 | D:9      | Acquired the ring "Rappinyssi" {rF++ Will+ Str+4 Dex+4}
 14290 | Lair:1   | Entered Level 1 of the Lair of Beasts
 14525 | Lair:1   | Reached skill level 9 in Unarmed Combat
 14674 | Lair:1   | Noticed a five-headed hydra
 14703 | Lair:1   | Killed a five-headed hydra
 15071 | Lair:1   | Found an ancient bone altar of Kikubaaqudgha.
 15884 | Lair:2   | Found a one-way gate to the infinite horrors of the Abyss.
 15884 | Lair:2   | Noticed NigelTetley's ghost (journeyman FoFi)
 15891 | Lair:2   | Noticed a soul eater
 15891 | Lair:2   | Noticed a spriggan rider
 15894 | Lair:2   | Noticed a brown ugly thing
 15968 | Lair:2   | Found a transporter.
 15993 | Lair:2   | Reached XP level 12. HP: 80/80 MP: 10/21
 15997 | Lair:2   | Reached skill level 1 in Evocations
 16092 | Lair:2   | Noticed a thrashing horror
 16108 | Lair:2   | Found a transporter.
 16109 | Lair:2   | Noticed a thrashing horror
 17000 | Lair:3   | Found a hole to the Spider Nest.
 17257 | Lair:3   | Found a staircase to the Swamp.
 17438 | Lair:3   | Reached skill level 10 in Unarmed Combat
 17884 | Lair:3   | Reached skill level 5 in Air Magic
 18408 | Lair:4   | Noticed Snorg
 18425 | Lair:4   | Killed Snorg
 18426 | Lair:4   | Reached skill level 5 in Ice Magic
 18675 | Lair:4   | Noticed a four-headed hydra
 18687 | Lair:4   | Killed a four-headed hydra
 18826 | Lair:4   | Reached XP level 13. HP: 86/86 MP: 15/23
 19031 | Lair:4   | Noticed Urug
 19048 | Lair:4   | Killed Urug
 19159 | Lair:4   | Reached skill level 11 in Unarmed Combat
 20402 | Lair:5   | Reached skill level 5 in Evocations
 21478 | Lair:5   | Reached XP level 14. HP: 69/95 MP: 23/25
 21750 | Lair:6   | Entered Level 6 of the Lair of Beasts
 21852 | Lair:4   | Bought a book of the Earth for 432 gold pieces
 21859 | Lair:4   | Learned a level 6 spell: Statue Form
 21940 | Lair:6   | Reached skill level 12 in Unarmed Combat
 22143 | Lair:6   | Reached skill level 1 in Earth Magic
 22960 | Lair:6   | Found a viscous altar of Jiyva.
 22960 | Lair:6   | Found a staircase to the Slime Pits.
 23242 | Lair:6   | Found the ring of the Octopus King
 23246 | Lair:6   | Identified a ring of the Octopus King {MP+9 AC+1 EV+1 Str+1
                  | Int+1 Dex+1}
 23249 | Lair:6   | Identified the amulet "Tuakod" {Acrobat Will++ Regen+
                  | Slay+3}
 23464 | Lair:6   | Reached skill level 10 in Poison Magic
 24452 | D:10     | Killed Erica
 25052 | D:11     | Found Raxkio's Weapon Boutique.
 25053 | D:11     | Found a staircase to the Orcish Mines.
 26834 | D:13     | Noticed Sonja
 26856 | D:13     | Killed Sonja
 26918 | Orc:1    | Entered Level 1 of the Orcish Mines
 26924 | Orc:1    | Reached XP level 15. HP: 101/101 MP: 27/27
 26994 | Orc:2    | Entered Level 2 of the Orcish Mines
 26996 | Orc:2    | Noticed an orc warlord
 27017 | Orc:2    | Killed an orc warlord
 27214 | Orc:2    | Noticed an orc warlord
 27237 | Orc:2    | Killed an orc warlord
 27238 | Orc:2    | Reached skill level 13 in Unarmed Combat
 27534 | Orc:2    | Found Ahiamen's General Store.
 27541 | Orc:2    | Found Ydiomosy's Specific Store.
 27543 | Orc:2    | Reached skill level 5 in Earth Magic
 27890 | Orc:2    | Found Sosk's Distillery.
 27890 | Orc:2    | Found Kulleh's Book Shop.
 27999 | Orc:2    | Bought a potion of heal wounds for 70 gold pieces
 27999 | Orc:2    | Bought 3 potions of curing for 126 gold pieces
 28071 | Orc:2    | Found Teposk's Antique Weapon Shop.
 28100 | Orc:2    | Found Fymuerri's Book Shoppe.
 28314 | Orc:2    | Found a staircase to the Elven Halls.
 28439 | Orc:2    | Bought a Fen Folio for 672 gold pieces
 28459 | Orc:2    | Learned a level 6 spell: Eringya's Noxious Bog
 28617 | Spider:1 | Entered Level 1 of the Spider Nest
 28617 | Spider:1 | Noticed Frances
 28628 | Spider:1 | Killed Frances
 28817 | Spider:1 | Noticed Agnes
 28829 | Spider:1 | Killed Agnes
 29390 | Spider:1 | Found a runed translucent gate.
 29394 | Spider:1 | Found a runed translucent gate.
 29395 | Spider:1 | Found a runed translucent gate.
 29396 | Spider:1 | Noticed vineage's ghost (adept MiFi)
 29396 | Spider:1 | Noticed Voda's ghost (adept DDNe)
 30476 | Spider:2 | Reached XP level 16. HP: 104/108 MP: 29/29
 30506 | Spider:2 | Reached skill level 10 in Transmutations
 30828 | Spider:3 | Reached skill level 10 in Dodging
 30828 | Spider:3 | Reached skill level 14 in Unarmed Combat
 31337 | Swamp:1  | Entered Level 1 of the Swamp
 31345 | Swamp:1  | Reached skill level 10 in Fighting
 32247 | D:14     | Noticed Nessos
 32247 | D:14     | Found a gate to the Vaults.
 32257 | D:14     | Killed Nessos
 32459 | D:14     | Noticed Kirke
 32469 | D:14     | Killed Kirke
 33403 | D:15     | Entered Level 15 of the Dungeon
 33749 | D:15     | Found a sacrificial altar of Ru.
 33809 | D:15     | Found a staircase to the Depths.
 33828 | D:15     | HP: 5/141 [titan zombie (28)]
 34320 | D:5      | Bought a +2 kite shield of reflection for 240 gold pieces
 34508 | D:15     | Learned a level 5 spell: Manifold Assault
 34734 | Spider:3 | Noticed Mlioglotl
 35060 | Swamp:1  | Reached skill level 1 in Translocations
 35545 | Swamp:2  | Reached XP level 17. HP: 116/116 MP: 30/30
 36518 | Swamp:3  | Found the +2 hood of the Assassin {Detection Stab+ Stlth++}
 36536 | Swamp:3  | Reached skill level 15 in Unarmed Combat
 36810 | Swamp:3  | Reached skill level 1 in Stealth
 37190 | Swamp:4  | Entered Level 4 of the Swamp
 37209 | Swamp:4  | Reached skill level 10 in Spellcasting
 37419 | Swamp:4  | Noticed a tentacled monstrosity
 37432 | Swamp:4  | Killed a tentacled monstrosity
 37433 | Swamp:4  | Reached skill level 10 in Earth Magic
 37667 | Swamp:4  | Found a runed translucent door.
 37668 | Swamp:4  | Noticed ThreePoint314's ghost (adept DsGl)
 37700 | Swamp:4  | Got a decaying rune of Zot
 37924 | Swamp:4  | Killed ThreePoint314's ghost
 38133 | Spider:3 | Reached XP level 18. HP: 124/124 MP: 32/32
 38293 | Spider:3 | Found a runed translucent door.
 38395 | Spider:3 | Noticed Arachne
 38407 | Spider:3 | Killed Arachne
 38479 | Spider:3 | Killed Mlioglotl
 38769 | Spider:3 | Reached skill level 5 in Stealth
 38839 | Spider:4 | Entered Level 4 of the Spider Nest
 39113 | Spider:4 | Noticed Roxanne
 39122 | Spider:4 | Killed Roxanne
 39151 | Spider:4 | Reached skill level 16 in Unarmed Combat
 40210 | Spider:4 | Reached skill level 5 in Translocations
 40283 | Spider:4 | Reached XP level 19. HP: 129/129 MP: 13/33
 40399 | Spider:4 | Got a gossamer rune of Zot
 40800 | Elf:1    | Entered Level 1 of the Elven Halls
 40832 | Elf:1    | Found a radiant altar of Vehumet.
 41541 | Elf:1    | Got the Volume of Creative Attacks
 41684 | Elf:1    | Found Oxuahimn's Book Boutique.
 42137 | Elf:2    | Found a runed translucent gate.
 42138 | Elf:2    | Found a runed translucent gate.
 42150 | Elf:2    | Found a runed translucent gate.
 42406 | Elf:2    | Found a runed translucent door.
 42437 | Elf:2    | Identified the +0 tower shield of Gallantry {Dex+8}
 42871 | Elf:2    | Gained mutation: You tend to lose your temper in combat.
                  | [mutagenic glow]
 42873 | Elf:2    | Reached skill level 17 in Unarmed Combat
 43153 | Elf:3    | Entered Level 3 of the Elven Halls
 43154 | Elf:3    | Noticed Aizul
 43160 | Elf:3    | Killed Aizul
 43271 | Elf:3    | Noticed Donald
 43274 | Elf:3    | Killed Donald
 43516 | Elf:3    | Paralysed by an air elemental for 1 turns
 43743 | Elf:3    | Noticed Saint Roka
 43768 | Elf:3    | Killed Saint Roka
 43769 | Elf:3    | Reached XP level 20. HP: 138/138 MP: 33/35
 44110 | Elf:3    | Found Aheepu's Book Shop.
 44279 | Elf:3    | Acquired 960 gold pieces
 44388 | Elf:3    | Identified the +4 ring mail of the Pirate {rF+ Str-4 Dex+3}
 44391 | Elf:3    | Identified the +0 pair of gloves of the Thistle {rElec rN+
                  | Stlth-}
 44434 | Elf:3    | Identified the ring "Fafyu" {rC+ Int+2 SInv}
 44889 | Depths:1 | Entered Level 1 of the Depths
 44936 | Depths:1 | Learned a level 7 spell: Storm Form
 44976 | Depths:1 | Reached skill level 10 in Stealth
 45019 | Depths:1 | Paralysed by a floating eye for 2 turns
 45029 | Depths:1 | Paralysed by a floating eye for 3 turns
 45149 | Depths:1 | Found a broken altar of Ashenzari.
 45421 | Depths:1 | Found a gateway to Hell.
 45727 | Depths:2 | Found a one-way gate leading to the halls of Pandemonium.
 45986 | Depths:2 | Reached skill level 18 in Unarmed Combat
 46237 | Depths:2 | Found a one-way gateway to a ziggurat.
 46271 | Depths:2 | Reached XP level 21. HP: 144/144 MP: 36/36
 46272 | Depths:2 | Noticed a juggernaut
 46279 | Depths:2 | Killed a juggernaut
 46287 | Depths:2 | Noticed a golden dragon
 46297 | Depths:2 | Killed a golden dragon
 46379 | Depths:2 | Found Xebbien's Armour Boutique.
 46454 | Depths:2 | Identified the amulet "Nuacaf" {Faith Will+ Dex+6 SInv}
 47038 | Depths:3 | Reached skill level 1 in Shields
 47189 | Depths:3 | You fall into a shaft and drop 1 floor!
 47189 | Depths:4 | Entered Level 4 of the Depths
 47402 | Depths:3 | Noticed a golden dragon
 47409 | Depths:3 | Noticed a caustic shrike
 47413 | Depths:3 | Noticed a caustic shrike
 47415 | Depths:3 | Killed a caustic shrike
 47417 | Depths:3 | Killed a golden dragon
 47424 | Depths:3 | Killed a caustic shrike
 48584 | Depths:4 | Found a gate to the Realm of Zot.
 48584 | Depths:4 | Noticed a bone dragon
 48584 | Depths:4 | Noticed a bone dragon
 48584 | Depths:4 | Noticed a bone dragon
 48584 | Depths:4 | Noticed a golden dragon
 48595 | Depths:4 | Killed a bone dragon
 48601 | Depths:4 | Killed a bone dragon
 48605 | Depths:4 | Killed a golden dragon
 48606 | Depths:4 | Reached XP level 22. HP: 132/153 MP: 38/38
 49010 | Depths:4 | Bought a scroll of blinking for 105 gold pieces
 49132 | Vaults:1 | Entered Level 1 of the Vaults
 49173 | Vaults:1 | Reached skill level 19 in Unarmed Combat
 49522 | Vaults:1 | Lost mutation: You tend to lose your temper in combat.
                  | [potion of mutation]
 49522 | Vaults:1 | Gained mutation: A frigid envelope surrounds you and
                  | freezes all who hurt you. [potion of mutation]
 49522 | Vaults:1 | Gained mutation: You are resistant to electric shocks.
                  | (rElec) [potion of mutation]
 50042 | Vaults:1 | Identified the +8 arbalest "Kesiock" {vorpal, Str+4}
 50815 | Vaults:2 | Identified the amulet "Umiycvisch" {RegenMP Rampage rCorr}
 51530 | Vaults:2 | Learned a level 2 spell: Sublimation of Blood
 51564 | Vaults:2 | Reached skill level 5 in Shields
 51709 | Vaults:2 | Reached skill level 1 in Necromancy
 52208 | Vaults:3 | Found Xeddon's Antique Armour Boutique.
 52219 | Vaults:3 | Found Moecsidghy's Antique Weapon Shoppe.
 52224 | Vaults:3 | Found Icin's Weapon Emporium.
 52231 | Vaults:3 | Noticed Mennas
 52246 | Vaults:3 | Killed Mennas
 52284 | Vaults:3 | Found Cituotz's Weapon Shop.
 52321 | Vaults:3 | Found a glowing silver altar of Zin.
 52321 | Vaults:3 | Found a glowing golden altar of the Shining One.
 52321 | Vaults:3 | Found a crumbling gateway.
 52363 | Vaults:3 | Found a white marble altar of Elyvilon.
 52376 | Desolati | Entered the Desolation of Salt
 52472 | Desolati | Found the +8 frozen axe "Frostbite" {freezing cloud, *Noise
                  | Fly rC+}
 52545 | Desolati | Reached XP level 23. HP: 151/160 MP: 40/40
 52795 | Desolati | Identified the +6 rapier of the Revolution {holy, Will+}
 52870 | Desolati | Identified the amulet "Rywaaj" {Acrobat rF- Int+5}
 52879 | Desolati | Found the +9 sword of Zonguldrok {reap}
 52879 | Desolati | Identified the +9 glaive "Zoxzara" {flame, Int+5 Stlth-}
 53016 | Desolati | Found the +6 shillelagh "Devastator" {shatter}
 53021 | Desolati | Found the +4 moon troll leather armour {Spirit, Regen++
                  | MP+5}
 53029 | Desolati | Identified the +5 ring mail of Deentutt {rPois rC++}
 53195 | Vaults:3 | Found Pemuntoss's Assorted Antiques.
 53395 | Vaults:3 | Found a staircase to the Crypt.
 53395 | Vaults:3 | Found an ancient bone altar of Kikubaaqudgha.
 53396 | Vaults:3 | Found a basalt altar of Yredelemnul.
 53957 | Vaults:3 | Reached skill level 20 in Unarmed Combat
 55049 | Vaults:4 | Reached XP level 24. HP: 168/168 MP: 40/40
 55229 | Vaults:4 | Found Posass's Assorted Antiques.
 55655 | Crypt:1  | Entered Level 1 of the Crypt
 55716 | Crypt:1  | Reached skill level 5 in Necromancy
 55739 | Crypt:1  | Found a magical portal.
 55799 | WizLab   | Entered Doroklohe's Tomb
 56149 | WizLab   | Reached skill level 15 in Stealth
 56444 | Crypt:1  | Reached skill level 15 in Dodging
 56892 | Crypt:1  | Learned a level 8 spell: Necromutation
 57475 | Crypt:2  | Reached skill level 15 in Transmutations
 58543 | Crypt:2  | Learned a level 2 spell: Blink
 58624 | Crypt:2  | Identified the +5 quarterstaff of Dimec {flame, rElec}
 58643 | Crypt:2  | Reached skill level 15 in Fighting
 58722 | Crypt:3  | Entered Level 3 of the Crypt
 58724 | Crypt:3  | Found a runed translucent door.
 58724 | Crypt:3  | Found a shimmering altar of Xom.
 58724 | Crypt:3  | Noticed Konwih's ghost (veteran FoFi)
 58804 | Crypt:3  | Reached skill level 10 in Air Magic
 59303 | Crypt:3  | Reached skill level 21 in Unarmed Combat
 59607 | Crypt:3  | Found a staircase to the Tomb.
 60011 | Crypt:3  | Found the +8 lance "Wyrmbane" {slay drac, rPois rF+ rC+
                  | AC+3}
 60011 | Crypt:3  | Found the +10 zealot's sword {holy, *Rage rN+ EV+3}
 60336 | Vaults:4 | Bought a potion of heal wounds for 75 gold pieces
 60338 | Vaults:4 | Bought a scroll of teleportation for 144 gold pieces
 60415 | Vaults:5 | Entered Level 5 of the Vaults
 60422 | Vaults:5 | Reached XP level 25. HP: 154/174 MP: 33/41
 60424 | Vaults:5 | Reached skill level 1 in Polearms
 61088 | Vaults:5 | Acquired 552 gold pieces
 61209 | Vaults:5 | Identified the amulet of Xudegeuquso {RegenMP rPois rF-
                  | Str+2}
 61428 | Vaults:5 | Noticed an ancient lich
 61437 | Vaults:5 | Killed an ancient lich
 61660 | Vaults:5 | Noticed an ancient lich
 61667 | Vaults:5 | Killed an ancient lich
 61673 | Vaults:5 | Reached skill level 10 in Translocations
 61676 | Vaults:5 | Noticed a dread lich
 61688 | Vaults:5 | Killed a dread lich
 61695 | Vaults:5 | Reached skill level 5 in Polearms
 61730 | Vaults:5 | Reached XP level 26. HP: 132/180 MP: 41/41
 61800 | Vaults:5 | Learned a level 5 spell: Silence
 61806 | Vaults:5 | Found Habbus's Distillery.
 61811 | Vaults:5 | Bought a potion of heal wounds for 110 gold pieces
 61811 | Vaults:5 | Bought a potion of heal wounds for 110 gold pieces
 61833 | Vaults:5 | Got a silver rune of Zot
 61841 | Vaults:5 | Found Setocsoj's Magic Scroll Boutique.
 61846 | Vaults:5 | Bought a scroll of acquirement for 1144 gold pieces
 61848 | Vaults:5 | Acquired 897 gold pieces
 61934 | Vaults:5 | Reached skill level 1 in Hexes
 62082 | Vaults:5 | Identified the ring "Ecuschiath" {rN+ MP+9 Str-3 Slay+3}
 62392 | Vaults:5 | Acquired 775 gold pieces
 62599 | Hell     | Entered the Vestibule of Hell
 62712 | Hell     | Noticed Geryon
 62871 | Hell     | Killed Geryon
 63096 | Hell     | Reached skill level 15 in Spellcasting
 63264 | Hell     | Found a gateway to the freezing wastes of Cocytus.
 63310 | Hell     | Found a gateway to the Iron City of Dis.
 63439 | Hell     | Found a gateway to the decaying netherworld of Tartarus.
 63492 | Hell     | Found a gateway to the ashen valley of Gehenna.
 63751 | Depths:3 | Voluntarily entered the Abyss.
 63991 | Abyss:3  | Noticed an ancient lich
 63997 | Abyss:3  | Killed an ancient lich
 64155 | Abyss:3  | Reached XP level 27. HP: 109/186 MP: 42/42
 64155 | Abyss:3  | Got an abyssal rune of Zot
 64204 | Depths:3 | Escaped the Abyss
 64632 | Tomb:1   | Entered Level 1 of the Tomb of the Ancients
 66003 | Tomb:1   | Noticed a royal mummy
 66014 | Tomb:1   | Killed a royal mummy
 66921 | Slime:1  | Entered Level 1 of the Pits of Slime
 67084 | Slime:2  | Reached skill level 5 in Hexes
 67094 | Slime:2  | Reached skill level 22 in Unarmed Combat
 67243 | Slime:2  | Reached skill level 10 in Necromancy
 67431 | Slime:2  | Noticed Dissolution
 67438 | Slime:2  | Killed Dissolution
 69193 | Slime:5  | Entered Level 5 of the Pits of Slime
 69384 | Slime:5  | Noticed the Royal Jelly
 69408 | Slime:5  | Killed the Royal Jelly
 69833 | Slime:5  | Reached skill level 10 in Shields
 69834 | Slime:5  | Identified the +3 chain mail of Xom's Condemnation {Drain
                  | rC++ rCorr}
 69838 | Slime:5  | Got a slimy rune of Zot
 70618 | Zot:1    | Entered Level 1 of the Realm of Zot
 71316 | Zot:1    | Noticed an orb of fire
 71324 | Zot:1    | Killed an orb of fire
 71538 | Zot:2    | Noticed an orb of fire
 71539 | Zot:2    | Gained mutation: You are occasionally teleported next to
                  | monsters. [an orb of fire]
 71550 | Zot:2    | Killed an orb of fire
 71678 | Zot:1    | Lost mutation: A frigid envelope surrounds you and freezes
                  | all who hurt you. [potion of mutation]
 71678 | Zot:1    | Lost mutation: You are occasionally teleported next to
                  | monsters. [potion of mutation]
 71678 | Zot:1    | Lost mutation: You are resistant to electric shocks.
                  | (rElec) [potion of mutation]
 71678 | Zot:1    | Gained mutation: You are weak. (Str -2) [potion of
                  | mutation]
 71678 | Zot:1    | Gained mutation: Your mind is acute. (Int +2) [potion of
                  | mutation]
 71678 | Zot:1    | Gained mutation: One of your tentacles bears a spike.
                  | [potion of mutation]
 71727 | Zot:2    | Reached skill level 23 in Unarmed Combat
 71927 | Zot:2    | Found a transporter.
 71934 | Zot:2    | Found a transporter.
 71959 | Zot:2    | Found a transporter.
 71971 | Zot:2    | Found a transporter.
 71977 | Zot:2    | Found a transporter.
 71977 | Zot:2    | Found a transporter.
 72790 | Zot:3    | Identified the ring "Mucil" {rN+ Stlth+}
 73669 | Zot:4    | Found a large runed translucent door.
 73670 | Zot:4    | Found a large runed translucent door.
 73678 | Zot:4    | Noticed Abeir's ghost (legendary GrFi)
 74170 | Zot:5    | Entered Level 5 of the Realm of Zot
 74351 | Zot:5    | Found Nutong's Changing Room.
 74942 | Pan      | Entered Pandemonium
 75314 | Pan      | Reached skill level 24 in Unarmed Combat
 75322 | Pan      | Noticed Wismeda the pandemonium lord
 75337 | Pan      | Killed Wismeda the pandemonium lord
 75949 | Pan      | Learned a level 6 spell: Death Channel
 76486 | Pan      | Noticed Guwk the pandemonium lord
 76496 | Pan      | Killed Guwk the pandemonium lord
 76518 | Pan      | Reached skill level 15 in Air Magic
 76793 | Pan      | Reached skill level 10 in Hexes
 77224 | Pan      | Noticed Yhaix the pandemonium lord
 77243 | Pan      | Killed Yhaix the pandemonium lord
 77799 | Pan      | Reached skill level 25 in Unarmed Combat
 78056 | Pan      | Gained mutation: Your magical capacity is low. (-10% MP) [a
                  | neqoxec]
 78346 | Pan      | Noticed Xoneud the pandemonium lord
 78366 | Pan      | Killed Xoneud the pandemonium lord
 78366 | Pan      | HP: 13/279 [hellion/damnation (19)]
 78368 | Pan      | Gained mutation: You sometimes lose the ability to read
                  | scrolls when taking damage. [a cacodemon]
 78384 | Pan      | Lost mutation: You sometimes lose the ability to read
                  | scrolls when taking damage. [potion of mutation]
 78384 | Pan      | Lost mutation: Your magical capacity is low. (-10% MP)
                  | [potion of mutation]
 78384 | Pan      | Gained mutation: You expend magic power (3 MP) to
                  | strengthen your wands. [potion of mutation]
 78384 | Pan      | Gained mutation: You are somewhat resistant to further
                  | mutation. [potion of mutation]
 78569 | Pan      | Noticed Gior the pandemonium lord
 78577 | Pan      | Killed Gior the pandemonium lord
 78634 | Pan      | Found an exit through the horrors of the Abyss.
 79202 | Pan      | Noticed Ximmops the pandemonium lord
 79219 | Pan      | Killed Ximmops the pandemonium lord
 79287 | Pan      | Got a demonic rune of Zot
 79626 | Pan      | Entered the realm of Gloorx Vloq.
 79828 | Pan      | Noticed Gloorx Vloq
 79841 | Pan      | Killed Gloorx Vloq
 79844 | Pan      | Reached skill level 26 in Unarmed Combat
 80167 | Pan      | Got a dark rune of Zot
 81320 | Pan      | Found an exit through the horrors of the Abyss.
 81839 | Pan      | Entered the realm of Lom Lobon.
 82587 | Pan      | Found an exit through the horrors of the Abyss.
 83009 | Pan      | Noticed Lom Lobon
 83025 | Pan      | Killed Lom Lobon
 83147 | Pan      | Got a magical rune of Zot
 83483 | Pan      | Reached skill level 27 in Unarmed Combat
 83545 | Pan      | Identified the +7 tower shield of Roff {rElec Dex-4 Stlth+}
 83556 | Pan      | Found a glowing silver altar of Zin.
 84021 | Pan      | Identified the +0 tower shield of Sin {rPois}
 84139 | Pan      | Found a white marble altar of Elyvilon.
 84505 | Pan      | Identified the -8 tower shield "Joho" {Will- Dex+7 SInv}
 85524 | Pan      | Identified the +5 executioner's axe "Pacaeck" {vorpal, Fly
                  | rF+++ Str-2 Int-2}
 85537 | Pan      | Noticed a seraph
 85538 | Pan      | Found a glowing golden altar of the Shining One.
 85543 | Pan      | Killed a seraph
 85567 | Pan      | Got the Catalogue of Stones
 85577 | Pan      | Identified the +0 ring mail "Pofairphu" {Str+4 Dex+3 SInv}
 86289 | Pan      | Entered the realm of Cerebov.
 86398 | Pan      | Learned a level 7 spell: Enfeeble
 86533 | Pan      | Found the +6 sword of Cerebov {flame}
 86533 | Pan      | Noticed Cerebov
 86557 | Pan      | Killed Cerebov
 86680 | Pan      | Identified the +5 ring mail of the Trombone {Contam rCorr
                  | MP+9 Int+4}
 86699 | Pan      | Identified the +6 spear "Raasamm" {vorpal, rCorr}
 86741 | Pan      | Got a fiery rune of Zot
 86787 | Pan      | Identified the amulet of Xamyo {Spirit Drain rPois Will+++
                  | Slay-2}
 86847 | Pan      | Identified the amulet of the Fifty Suns {Acrobat rN+++
                  | Dex-5}
 86854 | Pan      | Got the Collected Works on the Dusty Glacier
 87420 | Pan      | Identified the +3 broad axe of Domination {flame, rElec
                  | Will+ Str+4 Dex-3}
 87425 | Pan      | Noticed Edwuific the pandemonium lord
 87434 | Pan      | Killed Edwuific the pandemonium lord
 87750 | Pan      | Entered the realm of Mnoleg.
 88014 | Pan      | Gained mutation: Your body sometimes deteriorates upon
                  | taking damage. [a neqoxec]
 88079 | Pan      | Noticed Mnoleg
 88108 | Pan      | Killed Mnoleg
 88145 | Pan      | Got a glowing rune of Zot
 88199 | Pan      | Found an exit through the horrors of the Abyss.
 88208 | Pan      | Took an exit into the Abyss.
 88208 | Abyss:1  | Escaped into the Abyss
 88208 | Abyss:1  | Found a corrupted altar of Lugonu.
 88216 | Depths:4 | Escaped the Abyss
 88217 | Depths:4 | Lost mutation: Your body sometimes deteriorates upon taking
                  | damage. [potion of mutation]
 88217 | Depths:4 | Lost mutation: Your mind is acute. (Int +2) [potion of
                  | mutation]
 88217 | Depths:4 | Lost mutation: You expend magic power (3 MP) to strengthen
                  | your wands. [potion of mutation]
 88709 | Tomb:2   | Noticed a royal mummy
 88713 | Tomb:2   | Noticed a royal mummy
 88719 | Tomb:2   | Killed a royal mummy
 88801 | Tomb:2   | Noticed a royal mummy
 88803 | Tomb:2   | Noticed a royal mummy
 88811 | Tomb:2   | Killed a royal mummy
 88823 | Tomb:2   | Killed a royal mummy
 88827 | Tomb:2   | Killed a royal mummy
 89644 | Tomb:1   | Noticed a royal mummy
 89645 | Tomb:1   | Noticed a royal mummy
 89645 | Tomb:1   | Noticed a royal mummy
 89648 | Tomb:1   | Killed a royal mummy
 89648 | Tomb:1   | Noticed a royal mummy
 89649 | Tomb:1   | Noticed a royal mummy
 89649 | Tomb:1   | Noticed a royal mummy
 89652 | Tomb:1   | Killed a royal mummy
 89656 | Tomb:1   | Killed a royal mummy
 89662 | Tomb:1   | Noticed a royal mummy
 89663 | Tomb:1   | Killed a royal mummy
 89667 | Tomb:1   | Killed a royal mummy
 89667 | Tomb:1   | Killed by a royal mummy's death curse

Illustrated notes

Levels and vault maps discovered:
D:1:      dpeg_arrival_circle_labyrinth_c, layout_loops_ring,
          minmay_misc_feat_iff
D:2:      layout_rooms, chequers_big_river
D:3:      layout_basic, serial_undead, serial_undead_d, serial_undead_d,
          serial_undead_e, serial_undead_c, feat_on_display, uniq_natasha
D:4:      layout_loops_ring, minmay_temple_entry_slanted,
          uniq_crazy_yiuf_cottage
D:5:      layout_cave_pools, serial_shops, shop, uniq_grinder, uniq_menkaure,
          uniq_ijyb
D:6:      layout_loops_ring, serial_shops, nicolae_square_shop,
          uniq_prince_ribbit1, uniq_maggie
D:7:      layout_gridville, mainiacjoe_overflow_big_doors
D:8:      layout_loops_ring, serial_shops, nicolae_shop_advertising_works
          [nicolae_subvault_shop_adworks]
D:9:      layout_basic
D:10:     layout_irregular_city, due_lair_maze_entry_diamond,
          hellmonk_ghost_happy_afterlife, nicolae_looking_at_the_future,
          uniq_erica
D:11:     layout_layer_cave, orc_david_3
D:12:     layout_rooms
D:13:     layout_cave_pods, uniq_sonja
D:14:     layout_layer_cave, david_vaults_3, minmay_misc_feat_plants, uniq_kirke
D:15:     gammafunk_depths_entry_grave, layout_gridville,
          kennysheep_flooded_box, hangedman_decor_opposing,
          minmay_tree_intersection
Temple:   regret_index_temple_chain_breaker
Lair:1:   layout_gridlike, basic_altar, infiniplex_staircase_pool
Lair:2:   layout_cave_pods, gammafunk_ghost_abyssal_escape
Lair:3:   layout_gridlike, swamp_mist, nicolae_spider_entry_tight_spaces,
          serial_rivers, chequers_serial_rivers_marsh,
          chequers_serial_rivers_large_a, chequers_serial_rivers_small_3,
          chequers_serial_rivers_micro_d, chequers_serial_rivers_room_b,
          chequers_serial_rivers_room_a, minmay_hedge_maze
Lair:4:   layout_regular_city, lemuel_fruit_tree, grunt_megastairs_5,
          uniq_snorg, uniq_urug
Lair:5:   regret_index_harrowing_hell_hive, layout_gridlike
Lair:6:   gammafunk_lair_ancient_temple, layout_layer_cave, slime_altar_1
Swamp:1:  layout_basic_swamp, nicolae_swamp_dense_foliage
Swamp:2:  nicolae_swamp_secret_spriggan_hideout, layout_basic_swamp,
          evilmike_swamp_ruin_house_4, swamp_pool5
Swamp:3:  layout_basic_swamp, evilmike_swamp_ruin_rubble_1,
          nicolae_swamp_nymph_family_reunion
Swamp:4:  swamp_alternative, layout_basic_swamp, ebering_ghost_inner_flame,
          swamp_pool1
Spider:1: layout_spider_delve, gammafunk_ghost_cemetery, uniq_agnes,
          uniq_frances
Spider:2: layout_spider_delve
Spider:3: cheibrodos_spider_deadly_dance, nicolae_spider_shape, uniq_arachne,
          uniq_mlioglotl
Spider:4: spider_rune_water, uniq_roxanne
Slime:1:  layout_caves, nicolae_slime_barrier
Slime:2:  layout_caves, uniq_dissolution
Slime:3:  layout_caves
Slime:4:  layout_caves
Slime:5
Orc:1:    layout_diamond_mine, basic_altar
Orc:2:    st_orc_town, layout_caves, nicolae_specific_store
Elf:1:    eino_elf_arrival_altar, layout_loops_cross, serial_shops, shop,
          minmay_elf_sorcery, serial_sigils_hangedman_writhe,
          nicolae_elf_martial_mastery
Elf:2:    elven_hall_of_blades_hangedman_original
          [nicolae_blade_entry_diamond_columns], layout_rooms, minivault_13
Elf:3:    minmay_elf_hall_x, layout_geoelf_diagonals, serial_shops,
          nicolae_lakefront_shop, grunt_megastairs_2, uniq_aizul,
          uniq_saint_roka, uniq_donald
Vaults:1: st_hourglassy, grunt_vaults_diagonal, v_misc_8, vaults_room_door_hall,
          hangedman_vaults_maws, v_alt_pattern_1, vaults_room_pool,
          ontoclasm_vaults_idyll, nicolae_vaults_network_quinsquares
          [nicolae_vaults_network_quincunx_subvault,
          nicolae_vaults_network_quincunx_subvault,
          nicolae_vaults_network_quincunx_subvault,
          nicolae_vaults_network_quincunx_subvault],
          nicolae_vaults_network_star, grunt_vaults_funnel,
          nicolae_vaults_yaktaur_gun_rack, vaults_room_large_hall,
          vaults_room_pools, layout_vaults_omnibox
Vaults:2: v_misc_4, hangedman_vaults_corner_blocks, v_rooms_5,
          nicolae_vaults_little_ls, vaults_mumra_hexcomb,
          nicolae_vaults_sealed_display, vaults_room_stairs_pillars, v_misc_27,
          layout_vaults_omnigrid
Vaults:3: portal_desolation_entry_holy_temple, st_lattice, v_pattern_1,
          vaults_room_corners, minmay_crypt_entry_necro_gods, vaults_mumra_hex,
          vaults_room_pool, nicolae_vaults_little_squares_1,
          hangedman_vaults_restitches, hangedman_vaults_trim, v_rooms_6,
          grunt_vaults_hallway_long, layout_vaults_omnicross, serial_shops,
          shop, shop, nicolae_shop_bloodbath_and_beyond,
          nicolae_shop_overgrown_old_shop, nicolae_shop_overgrown_old_shop,
          uniq_mennas
Vaults:4: ontoclasm_vaults_fault, vaults_room_octagon,
          nicolae_vaults_little_squares_1, nicolae_vaults_big_ls,
          grunt_vaults_twisty, v_rooms_5, nicolae_vaults_ninety_degrees,
          st_more_cells, nicolae_vaults_windows_and_doors_thing,
          nicolae_vaults_little_squares_6, nicolae_vaults_rhombus_6,
          vaults_room_door_ring, nicolae_vaults_mini_display_case,
          layout_vaults_maze_snakey, serial_shops, shop, uniq_margery
Vaults:5: serial_shops
Crypt:1:  layout_regular_city, lightli_enter_wizlab_magi_temple,
          grunt_crypt_arrival_webbed
Crypt:2:  layout_chaotic_city
Crypt:3:  due_elkab, layout_chaotic_city, ebering_ghost_xom, fountainhead
Tomb:1
Tomb:2
Depths:1: layout_cave_pools, pf_hell_entry_great_geh, ashenzari_altar_1,
          minmay_starry_boxes
Depths:2: hourglass_vault, layout_cave_shapes, enter_ziggurat_a, serial_shops,
          nicolae_shop_window_shopping, nicolae_lava_and_water,
          grunt_hell_entry_dis_mu, grunt_pan_entry_sceptre, kennysheep_diamond,
          infiniplex_staircase_zigzag_4
Depths:3: minmay_the_grid_triangle_9x9_recursive_3_mashed
          [minmay_the_grid_triangle_9x9_stretched_checkered,
          minmay_the_grid_triangle_9x9_steps,
          minmay_the_grid_triangle_9x9_wacky_v,
          minmay_the_grid_triangle_9x9_prize_insulated,
          minmay_the_grid_triangle_9x9_warning,
          minmay_the_grid_triangle_9x9_corruption,
          minmay_the_grid_triangle_9x9_longest,
          minmay_the_grid_triangle_9x9_odd_lines,
          minmay_the_grid_triangle_9x9_intruding_spiral], layout_honeycomb,
          abyss_entry, hangedman_abyss_or_decor_slice, hell_entry
Depths:4: grunt_zot_entry_funnels, layout_cave_shapes, grunt_metal_band,
          hangedman_abyss_or_decor_stabs, rand_demon_pan_entry_7
Hell
Zot:1:    layout_twisted_circle, skrybe_zot_glass_3, grunt_megastairs_4
Zot:2:    layout_misc_corridors, serial_nicolae_subway,
          nicolae_sub_station_crystal, nicolae_sub_station_stone,
          nicolae_sub_station_metal, grunt_megastairs_3
Zot:3:    layout_onion_interference, zot_minivault_6
Zot:4:    layout_twisted_circle, ebering_ghost_disaster_area,
          grunt_ministairs_7, grunt_megastairs_1
Zot:5:    layout_gridlike, nicolae_transmutations_shop, uniq_tiamat

Skill      XL: |  1  2  3  4  5  6  7  8  9 10 11 12 13 14 15 16 17 18 19 20 21 22 23 24 25 26 27 |
---------------+----------------------------------------------------------------------------------+-----
Poison Magic   | 1 2 3 4 5 6 7 8 9 10 11 12 13 | 13.0
Fighting       | 2 3 4 5 6 7 8 9 10 11 12 13 14 15 16 | 16.0
Unarmed Combat | 4 5 6 7 8 9 10 11 12 13 14 15 16 17 18 19 20 21 27 | 27.0
Dodging        | 3 4 5 6 7 8 9 10 11 12 13 14 15 16 | 16.1
Transmutations | 3 4 5 6 7 8 9 10 11 12 13 14 15 16 22 | 22.2
Spellcasting   | 3 4 5 6 7 8 9 10 11 12 13 14 15 20 | 20.5
Throwing       | 1 2 3 4 5 |  5.0
Ice Magic      | 1 3 4 5 6 7 |  7.0
Air Magic      | 1 3 4 5 7 8 9 10 11 12 19 | 19.6
Evocations     | 3 5 6 7 |  7.0
Earth Magic    | 4 7 9 10 11 12 | 12.0
Translocations | 1 3 5 6 7 8 10 11 12 | 12.0
Stealth        | 4 6 8 10 12 13 14 15 | 15.0
Shields        | 3 5 6 7 8 10 | 10.2
Necromancy     | 2 4 6 8 9 13 | 13.0
Polearms       | 5 6 |  6.7
Hexes          | 3 11 | 11.6

Action                   |  1- 3 |  4- 6 |  7- 9 | 10-12 | 13-15 | 16-18 | 19-21 | 22-24 | 25-27 || total
-------------------------+-------+-------+-------+-------+-------+-------+-------+-------+-------++-------
Melee: Unarmed           |    69 |   130 |   199 |   502 |   770 |   776 |   748 |  1106 |  2647 ||  6947
       Constrict         |    16 |    28 |    20 |     8 |    14 |   101 |   100 |   153 |    52 ||   492
       Kick              |    13 |    25 |    17 |    10 |       |       |       |       |    47 ||   112
       Tentacles         |    16 |    28 |    29 |     8 |    18 |   159 |   175 |   267 |   153 ||   853
       Punch             |     3 |     4 |    10 |     2 |     7 |    66 |   100 |   165 |   560 ||   917
       Lance             |       |       |       |       |       |       |       |       |   393 ||   393
Throw: Dart              |       |     2 |     1 |     2 |     1 |       |       |       |       ||     6
 Cast: Beastly Appendage |    10 |    13 |     7 |     5 |       |       |       |       |       ||    35
       Wereblood         |     2 |     8 |     7 |    27 |    20 |    14 |    11 |    13 |    57 ||   159
       Spider Form       |       |     1 |    13 |    19 |       |       |       |       |       ||    33
       Poisonous Vapours |       |       |    10 |    10 |    20 |       |       |       |       ||    40
       Ice Form          |       |       |       |    33 |    71 |    18 |       |       |       ||   122
       Olgreb's Toxic Ra |       |       |       |    10 |    59 |    23 |    18 |       |       ||   110
       Ozocubu's Armour  |       |       |       |     5 |    22 |     5 |       |       |     2 ||    34
       Eringya's Noxious |       |       |       |       |     2 |    10 |     9 |     2 |       ||    23
       Statue Form       |       |       |       |       |       |    63 |    61 |    77 |    16 ||   217
       Manifold Assault  |       |       |       |       |       |     2 |    38 |    68 |   187 ||   295
       Storm Form        |       |       |       |       |       |       |       |     4 |   158 ||   162
       Silence           |       |       |       |       |       |       |       |       |     3 ||     3
       Necromutation     |       |       |       |       |       |       |       |       |     2 ||     2
       Death Channel     |       |       |       |       |       |       |       |       |     2 ||     2
Invok: Call Merchant     |       |       |       |     1 |     2 |     2 |     5 |     3 |     3 ||    16
       Potion Petition   |       |       |       |       |       |     1 |       |       |    17 ||    18
 Abil: Blinkbolt         |       |       |       |       |       |       |       |       |     4 ||     4
Evoke: Wand              |       |       |     2 |       |       |       |       |     1 |     1 ||     4
       Phantom mirror    |       |       |       |       |       |       |       |       |     1 ||     1
  Use: Potion            |       |       |     2 |       |       |     3 |     1 |     2 |     6 ||    14
       Scroll            |       |       |       |    20 |     4 |     7 |     3 |     4 |     5 ||    43
 Stab: Sleeping          |     6 |     5 |     6 |     1 |     4 |     6 |    21 |    50 |    33 ||   132
       Distracted        |       |       |       |     2 |    11 |    16 |    15 |    27 |    86 ||   157
       Confused          |       |       |       |       |       |     1 |       |       |       ||     1
       Invisible         |       |       |       |       |       |       |       |       |     7 ||     7
Armor: Skin              |     8 |     3 |    11 |    83 |   285 |   524 |   366 |   384 |   595 ||  2259
Dodge: Dodged            |    60 |    66 |   165 |   331 |   601 |  1093 |   782 |  1143 |  2598 ||  6839
Block: Other             |       |       |    24 |   113 |    50 |       |       |       |       ||   187
       Reflection        |       |       |       |     3 |       |       |       |       |       ||     3

Table legend: (Time is in decaauts)
 A = Elapsed time spent in this place.
 B = Non-inter-level travel time spent in this place.
 C = Inter-level travel time spent in this place.
 D = Time resting spent in this place.
 E = Time spent auto-exploring this place.
 F = Levels seen in this place.
 G = Mean time per level.
                   A        B        C        D        E       F      G
               +--------+--------+--------+--------+--------+-----+--------+
         Total |  93352 |  85823 |   7529 |   6894 |  56180 |  85 | 1098.3 |
       Dungeon |  20809 |  18600 |   2209 |   1812 |  13622 |  15 | 1387.3 |
        Temple |     24 |     14 |     10 |      0 |      2 |   1 |   24.0 |
          Lair |  10595 |   9501 |   1094 |    769 |   7191 |   6 | 1765.8 |
         Swamp |   4048 |   3816 |    232 |    362 |   2349 |   4 | 1012.0 |
   Spider Nest |   5848 |   5249 |    599 |    513 |   3236 |   4 | 1462.0 |
    Slime Pits |   3323 |   3221 |    102 |    424 |   2284 |   5 |  664.6 |
  Orcish Mines |   1703 |   1448 |    255 |      0 |   1036 |   2 |  851.5 |
   Elven Halls |   4658 |   4391 |    267 |    353 |   2656 |   3 | 1552.7 |
        Vaults |   9868 |   8572 |   1296 |    449 |   5460 |   5 | 1973.6 |
         Crypt |   4261 |   3840 |    421 |     38 |   2628 |   3 | 1420.3 |
          Tomb |   2957 |   2867 |     90 |    850 |   1217 |   2 | 1478.5 |
        Depths |   5632 |   5007 |    625 |    437 |   3047 |   4 | 1408.0 |
          Hell |   1025 |   1006 |     19 |     81 |    431 |   1 | 1025.0 |
           Zot |   4140 |   3835 |    305 |     85 |   2799 |   5 |  828.0 |
         Abyss |    438 |    438 |      0 |      0 |     41 |   4 |  109.5 |
   Pandemonium |  12536 |  12536 |      0 |    534 |   7718 |  19 |  659.8 |
        Wizlab |    580 |    580 |      0 |    177 |     67 |   1 |  580.0 |
    Desolation |    901 |    901 |      0 |      9 |    391 |   1 |  901.0 |
               +--------+--------+--------+--------+--------+-----+--------+

Top non-repeatable levels by time:
     D:9: 3133 daAuts
  Lair:5: 2314 daAuts
Vaults:4: 2145 daAuts
  Tomb:1: 2136 daAuts
Vaults:2: 2022 daAuts
 Crypt:3: 1984 daAuts
Spider:4: 1958 daAuts
Vaults:1: 1953 daAuts
  Lair:6: 1925 daAuts
Vaults:5: 1894 daAuts
Vaults:3: 1853 daAuts
Depths:3: 1852 daAuts
Spider:1: 1841 daAuts
  Lair:3: 1831 daAuts
   Elf:3: 1751 daAuts
